TOP OF THE 1ST |
Spokane Indians batting - Pitching for Hawaii Islanders : RHP Keith MacWhorter
|
Pitching: RHP Keith MacWhorter
|
|
Batting: SHB Jose Oquendo
|
0-0: Ball 1-0: Ground out 4-3 (Groundball, 34D, EV 105.6 MPH)
|
Batting: LHB Stu Pederson
|
0-0: Ball 1-0: Ground out 6-3 (Groundball, 6, EV 106.3 MPH)
|
Batting: RHB Tom Watkins
|
0-0: SINGLE (Groundball, 4M, EV 100.0 MPH) (infield hit)
|
Batting: SHB Mark Gillaspie
|
0-0: Ball Tom Watkins is caught stealing 2nd base 2-6
|
Top of the 1st over - 0 runs, 1 hit, 0 errors, 0 left on base; Spokane 0 - Hawaii 0 |
BOTTOM OF THE 1ST |
Hawaii Islanders batting - Pitching for Spokane Indians : RHP Gordon Guzenski
|
Pitching: RHP Gordon Guzenski
|
|
Batting: RHB Joe Strain
|
0-0: Ball 1-0: SINGLE (Line Drive, 8LS, EV 100.0 MPH)
|
Batting: RHB Chris Nyman
|
0-0: Called Strike 0-1: Called Strike 0-2: Ball 1-2: Strikes out swinging
|
Batting: SHB Charles Valley
|
0-0: Foul Ball, location: 2F 0-1: Swinging Strike 0-2: Ball 1-2: Ball 2-2: Foul Ball, location: 2F 2-2: Fly out, F8 (Flyball, 8RM, EV 85.0 MPH)
|
Batting: LHB Dom Fucci
|
0-0: Called Strike 0-1: Foul Ball, location: 2F 0-2: Ball 1-2: Ball 2-2: Ball 3-2: Base on Balls Joe Strain to second
|
Batting: RHB Dave L Stapleton
|
0-0: Ball 1-0: Ball 2-0: Called Strike 2-1: Swinging Strike 2-2: Fly out, F3 (Popup, 23F, EV 75.0 MPH)
|
Bottom of the 1st over - 0 runs, 1 hit, 0 errors, 2 left on base; Spokane 0 - Hawaii 0 |
TOP OF THE 2ND |
Spokane Indians batting - Pitching for Hawaii Islanders : RHP Keith MacWhorter
|
Batting: SHB Mark Gillaspie
|
0-0: Called Strike 0-1: Called Strike 0-2: Ball 1-2: Strikes out swinging
|
Batting: LHB Dave Stockstill
|
0-0: Fly out, F7 (Flyball, 78S, EV 84.4 MPH)
|
Batting: RHB Jeffrey Ronk
|
0-0: Ball 1-0: Ball 2-0: Called Strike 2-1: Foul Ball, location: 2F 2-2: Fly out, F7 (Flyball, 7LS, EV 81.9 MPH)
|
Top of the 2nd over - 0 runs, 0 hits, 0 errors, 0 left on base; Spokane 0 - Hawaii 0 |
BOTTOM OF THE 2ND |
Hawaii Islanders batting - Pitching for Spokane Indians : RHP Gordon Guzenski
|
Batting: LHB Joe DeSa
|
0-0: Ball 1-0: Called Strike 1-1: DOUBLE (Line Drive, 89XD, EV 108.8 MPH)
|
Batting: LHB Scott Bradley
|
0-0: Fly out, F8 (Line Drive, 8LD, EV 91.3 MPH)
|
Batting: RHB Rob Teegarden
|
0-0: Swinging Strike 0-1: Foul Ball, location: 2F 0-2: Ball 1-2: Ball 2-2: Ground out 6-3 (Groundball, 6S, EV 66.3 MPH) Joe DeSa to third
|
Batting: RHB Michael Hanson
|
0-0: Ball 1-0: Ground out 4-3 (Groundball, 4, EV 78.1 MPH)
|
Bottom of the 2nd over - 0 runs, 1 hit, 0 errors, 1 left on base; Spokane 0 - Hawaii 0 |
TOP OF THE 3RD |
Spokane Indians batting - Pitching for Hawaii Islanders : RHP Keith MacWhorter
|
Batting: LHB Joseph Lentsch
|
0-0: Foul Ball, location: 2F 0-1: Called Strike 0-2: Strikes out looking
|
Batting: RHB John Almon
|
0-0: Ball 1-0: Foul Ball, location: 2F 1-1: Fly out, F9 (Flyball, 89S, EV 93.8 MPH)
|
Batting: RHB Reggie Whittemore
|
0-0: Ground out 6-3 (Groundball, 6, EV 105.6 MPH)
|
Top of the 3rd over - 0 runs, 0 hits, 0 errors, 0 left on base; Spokane 0 - Hawaii 0 |
BOTTOM OF THE 3RD |
Hawaii Islanders batting - Pitching for Spokane Indians : RHP Gordon Guzenski
|
Batting: RHB Joe Strain
|
0-0: Fly out, F8 (Flyball, 8RD, EV 100.6 MPH)
|
Batting: RHB Chris Nyman
|
0-0: Foul Ball, location: 2F 0-1: Ball 1-1: Ball 2-1: Ball 3-1: Base on Balls
|
Batting: SHB Charles Valley
|
0-0: Called Strike 0-1: Fly out, F7 (Flyball, 7D, EV 106.3 MPH)
|
Batting: LHB Dom Fucci
|
0-0: Called Strike 0-1: Fly out, F7 (Flyball, 7, EV 91.9 MPH)
|
Bottom of the 3rd over - 0 runs, 0 hits, 0 errors, 1 left on base; Spokane 0 - Hawaii 0 |
TOP OF THE 4TH |
Spokane Indians batting - Pitching for Hawaii Islanders : RHP Keith MacWhorter
|
Batting: SHB Jose Oquendo
|
0-0: Ball 1-0: Called Strike 1-1: Ball 2-1: Swinging Strike 2-2: Ground out 4-3 (Groundball, 4, EV 101.3 MPH)
|
Batting: LHB Stu Pederson
|
0-0: Ball 1-0: Called Strike 1-1: Ball 2-1: Foul Ball, location: 2F 2-2: Ball 3-2: Foul Ball, location: 2F 3-2: Base on Balls
|
Batting: RHB Tom Watkins
|
0-0: Called Strike 0-1: Ball 1-1: Called Strike 1-2: Strikes out swinging
|
Batting: SHB Mark Gillaspie
|
0-0: Called Strike 0-1: Called Strike 0-2: Ball 1-2: Strikes out swinging
|
Top of the 4th over - 0 runs, 0 hits, 0 errors, 1 left on base; Spokane 0 - Hawaii 0 |
BOTTOM OF THE 4TH |
Hawaii Islanders batting - Pitching for Spokane Indians : RHP Gordon Guzenski
|
Batting: RHB Dave L Stapleton
|
0-0: Ball 1-0: Ground out U3 (Groundball, 34, EV 105.6 MPH)
|
Batting: LHB Joe DeSa
|
0-0: Foul Ball, location: 2F 0-1: Ground out 4-3 (Groundball, 4, EV 99.4 MPH)
|
Batting: LHB Scott Bradley
|
0-0: Ball 1-0: Foul Ball, location: 2F 1-1: Ball 2-1: Fly out, F1 (Popup, P, EV 76.3 MPH)
|
Bottom of the 4th over - 0 runs, 0 hits, 0 errors, 0 left on base; Spokane 0 - Hawaii 0 |
TOP OF THE 5TH |
Spokane Indians batting - Pitching for Hawaii Islanders : RHP Keith MacWhorter
|
Batting: LHB Dave Stockstill
|
0-0: Foul Ball, location: 2F 0-1: Called Strike 0-2: Ball 1-2: SOLO HOME RUN (Flyball, 9LD, EV 96.9 MPH), Distance : 342 ft
|
Batting: RHB Jeffrey Ronk
|
0-0: Ball 1-0: Foul Ball, location: 2F 1-1: Ball 2-1: Foul Ball, location: 2F 2-2: Ball 3-2: Ground out 6-3 (Groundball, 6, EV 101.9 MPH)
|
Batting: LHB Joseph Lentsch
|
0-0: Called Strike 0-1: Ball 1-1: Ball 2-1: Swinging Strike 2-2: Strikes out swinging
|
Batting: RHB John Almon
|
0-0: Called Strike 0-1: Ball 1-1: Swinging Strike 1-2: Ball 2-2: Ball 3-2: Foul Ball, location: 2F 3-2: Foul Ball, location: 2F 3-2: Ground out 5-3 (Groundball, 56, EV 87.5 MPH)
|
Top of the 5th over - 1 run, 1 hit, 0 errors, 0 left on base; Spokane 1 - Hawaii 0 |
BOTTOM OF THE 5TH |
Hawaii Islanders batting - Pitching for Spokane Indians : RHP Gordon Guzenski
|
Batting: RHB Rob Teegarden
|
0-0: DOUBLE (Flyball, 8RXD, EV 95.0 MPH)
|
Batting: RHB Michael Hanson
|
0-0: Ground out 6-3 (Groundball, 6, EV 81.3 MPH)
|
Batting: RHB Joe Strain
|
0-0: Ball 1-0: Ball 2-0: Fly out, F7 (Flyball, 7S, EV 90.6 MPH)
|
Batting: RHB Chris Nyman
|
0-0: Swinging Strike 0-1: Ball 1-1: Foul Ball, location: 2F 1-2: Foul Ball, location: 2F 1-2: Strikes out swinging
|
Bottom of the 5th over - 0 runs, 1 hit, 0 errors, 1 left on base; Spokane 1 - Hawaii 0 |
TOP OF THE 6TH |
Spokane Indians batting - Pitching for Hawaii Islanders : RHP Keith MacWhorter
|
Batting: RHB Reggie Whittemore
|
0-0: Foul Ball, location: 2F 0-1: Called Strike 0-2: Ball 1-2: Strikes out swinging
|
Batting: SHB Jose Oquendo
|
0-0: SINGLE (Groundball, 15S, EV 68.1 MPH) (infield hit)
|
Batting: LHB Stu Pederson
|
0-0: Ball Jose Oquendo is caught stealing 2nd base 2-6 1-0: Ball 2-0: Reached on error, E5 (Groundball, 56, EV 87.5 MPH)
|
Batting: RHB Tom Watkins
|
0-0: Ball 1-0: Called Strike 1-1: Ball 2-1: Foul Ball, location: 2F 2-2: Foul Ball, location: 2F 2-2: Strikes out swinging
|
Top of the 6th over - 0 runs, 1 hit, 1 error, 1 left on base; Spokane 1 - Hawaii 0 |
BOTTOM OF THE 6TH |
Hawaii Islanders batting - Pitching for Spokane Indians : RHP Gordon Guzenski
|
Batting: SHB Charles Valley
|
0-0: Ball 1-0: Ball 2-0: Foul Ball, location: 2F 2-1: Foul Ball, location: 2F 2-2: Ground out 4-3 (Groundball, 4D, EV 98.1 MPH)
|
Batting: LHB Dom Fucci
|
0-0: Foul Ball, location: 2F 0-1: Ground out 4-3 (Groundball, 4, EV 83.8 MPH)
|
Batting: RHB Dave L Stapleton
|
0-0: Called Strike 0-1: Ball 1-1: Ball 2-1: Ball 3-1: SINGLE (Flyball, 56D, EV 95.0 MPH)
|
Batting: LHB Joe DeSa
|
0-0: Ball 1-0: Fielders Choice at 2nd, 6-4 (Groundball, 6, EV 92.5 MPH)
|
Bottom of the 6th over - 0 runs, 1 hit, 0 errors, 1 left on base; Spokane 1 - Hawaii 0 |
TOP OF THE 7TH |
Spokane Indians batting - Pitching for Hawaii Islanders : RHP Keith MacWhorter
|
Batting: SHB Mark Gillaspie
|
0-0: SOLO HOME RUN (Line Drive, 78XD, EV 102.5 MPH), Distance : 416 ft
|
Batting: LHB Dave Stockstill
|
0-0: Called Strike 0-1: Ball 1-1: Ball 2-1: Called Strike 2-2: Ball 3-2: SOLO HOME RUN (Line Drive, 89XD, EV 95.6 MPH), Distance : 440 ft
|
Batting: RHB Jeffrey Ronk
|
0-0: Called Strike 0-1: Ground out U3 (Groundball, 34, EV 90.6 MPH)
|
Batting: LHB Joseph Lentsch
|
0-0: Called Strike 0-1: Swinging Strike 0-2: Ball 1-2: Foul Ball, location: 2F 1-2: Strikes out swinging
|
Batting: RHB John Almon
|
0-0: Ball 1-0: Called Strike 1-1: Foul Ball, location: 2F 1-2: Fly out, F7 (Flyball, 7S, EV 82.5 MPH)
|
Top of the 7th over - 2 runs, 2 hits, 0 errors, 0 left on base; Spokane 3 - Hawaii 0 |
BOTTOM OF THE 7TH |
Hawaii Islanders batting - Pitching for Spokane Indians : RHP Gordon Guzenski
|
Batting: LHB Scott Bradley
|
0-0: Ball 1-0: Ball 2-0: Ball 3-0: Ground out 4-3 (Groundball, 4M, EV 103.1 MPH)
|
Batting: RHB Rob Teegarden
|
0-0: Ball 1-0: Swinging Strike 1-1: Foul Ball, location: 2F 1-2: Ball 2-2: Ball 3-2: Strikes out swinging
|
Batting: RHB Michael Hanson
|
0-0: Ground out 4-3 (Groundball, 4, EV 103.8 MPH)
|
Bottom of the 7th over - 0 runs, 0 hits, 0 errors, 0 left on base; Spokane 3 - Hawaii 0 |
TOP OF THE 8TH |
Spokane Indians batting - Pitching for Hawaii Islanders : RHP Keith MacWhorter
|
Batting: RHB Reggie Whittemore
|
0-0: Ball 1-0: Fly out, F4 (Flyball, 34D, EV 86.9 MPH)
|
Batting: SHB Jose Oquendo
|
0-0: Ball 1-0: Called Strike 1-1: SINGLE (Groundball, P, EV 81.9 MPH) (infield hit)
|
Batting: LHB Stu Pederson
|
0-0: Ball 1-0: Fly out, F5 (Popup, 5S, EV 81.9 MPH)
|
Batting: RHB Tom Watkins
|
0-0: Ball Jose Oquendo steals 2nd base 1-0: Called Strike 1-1: Ball 2-1: Fly out, F8 (Flyball, 8RM, EV 94.4 MPH)
|
Top of the 8th over - 0 runs, 1 hit, 0 errors, 1 left on base; Spokane 3 - Hawaii 0 |
BOTTOM OF THE 8TH |
Hawaii Islanders batting - Pitching for Spokane Indians : RHP Gordon Guzenski
|
Batting: RHB Joe Strain
|
0-0: Called Strike 0-1: Called Strike 0-2: Foul Ball, location: 2F 0-2: Foul Ball, location: 2F 0-2: Ball 1-2: Ball 2-2: Ball 3-2: Base on Balls
|
Batting: RHB Chris Nyman
|
0-0: Ball 1-0: Grounds into double play, 6-4-3 (Groundball, 6, EV 101.9 MPH)
|
Batting: SHB Charles Valley
|
0-0: Foul Ball, location: 2F 0-1: Ball 1-1: Ball 2-1: Swinging Strike 2-2: Ground out U3 (Groundball, 3, EV 86.3 MPH)
|
Bottom of the 8th over - 0 runs, 0 hits, 0 errors, 0 left on base; Spokane 3 - Hawaii 0 |
TOP OF THE 9TH |
Spokane Indians batting - Pitching for Hawaii Islanders : RHP Keith MacWhorter
|
Batting: SHB Mark Gillaspie
|
0-0: Called Strike 0-1: Foul Ball, location: 2F 0-2: Ball 1-2: Strikes out looking
|
Batting: LHB Dave Stockstill
|
0-0: Ball 1-0: Ball 2-0: Ball 3-0: Called Strike 3-1: Base on Balls
|
Batting: RHB Jeffrey Ronk
|
0-0: Ball 1-0: Called Strike 1-1: Ball 2-1: Foul Ball, location: 2F 2-2: Fly out, F7 (Flyball, 7S, EV 86.3 MPH)
|
Batting: LHB Joseph Lentsch
|
0-0: Called Strike 0-1: Ball 1-1: Ball 2-1: Swinging Strike 2-2: Foul Ball, location: 2F 2-2: Foul Ball, location: 2F 2-2: Foul Ball, location: 2F 2-2: Foul Ball, location: 2F 2-2: Strikes out swinging
|
Top of the 9th over - 0 runs, 0 hits, 0 errors, 1 left on base; Spokane 3 - Hawaii 0 |
BOTTOM OF THE 9TH |
Hawaii Islanders batting - Pitching for Spokane Indians : RHP Gordon Guzenski
|
Now at 3B: Ty Waller
|
|
Batting: LHB Dom Fucci
|
0-0: Called Strike 0-1: Swinging Strike 0-2: Strikes out looking
|
Batting: RHB Dave L Stapleton
|
0-0: Fly out, F9 (Line Drive, 9, EV 83.8 MPH)
|
Batting: LHB Joe DeSa
|
0-0: Ball 1-0: Called Strike 1-1: Ground out 4-3 (Groundball, 34D, EV 105.0 MPH)
|
Bottom of the 9th over - 0 runs, 0 hits, 0 errors, 0 left on base; Spokane 3 - Hawaii 0 |
|